 Dungeon Crawl Stone Soup version 0.26-a0-651-gb41185065b (webtiles) character file.

Game seed: 15721626835280064317

(classic levelgen) 601 EnegeticOcto the Cleaver (level 7, -9/61 HPs)
             Began as a Deep Dwarf Delver on Oct 23, 2020.
             Mangled by an orc warrior
             ... wielding a +0 war axe
              (28 damage)
             ... in a bailey.
             The game lasted 00:03:27 (485 turns).

EnegeticOcto the Cleaver (Deep Dwarf Delver)         Turns: 485, Time: 00:03:27

Health: -9/61      AC: 10    Str: 15    XL:     7   Next: 18%
Magic:  2/2        EV:  4    Int: 13    God:
Gold:   27         SH:  0    Dex: 14    Spells: 6/6 levels left

rFire    . . .     SeeInvis .   a - +0 hand axe
rCold    + . .     Faith    .   (no shield)
rNeg     . . .     Spirit   .   p - +0 plate armour
rPois    .         Reflect  .   (no helmet)
rElec    .         Harm     .   (no cloak)
rCorr    .         Rampage  .   (no gloves)
MR       +....                  (no boots)
Stlth    ..........             (no amulet)
HPRegen  0.00/turn              h - ring of protection from cold
MPRegen  0.08/turn              (no ring)

@: flying, non-regenerating
A: damage resistance, heal wounds, sense surroundings 1, no regeneration
a: Heal Wounds


You were in a bailey.
You visited 1 branch of the dungeon, and saw 3 of its levels.
You also visited: Bailey.

You collected 27 gold pieces.

Inventory:

Hand Weapons
 a - a +0 hand axe (weapon)
 j - a +2 short sword of draining
Missiles
 m - a datura-tipped dart (quivered)
Armour
 b - a +0 leather armour
 k - a +0 ring mail
 n - a +0 scale mail
 p - a +0 plate armour (worn)
Jewellery
 h - a ring of protection from cold (left hand)
Wands
 g - a wand of digging (3) {@v3}
Scrolls
 c - a scroll of fog
 e - a scroll of fear
Potions
 d - a potion of brilliance {unknown}
 f - a potion of haste {@q4}
 i - a potion of flight
 l - a potion of curing {unknown}
 o - a potion of heal wounds {@q2}


   Skills:
 - Level 2.6 Fighting
 + Level 8.8 Axes
 - Level 2.1 Dodging
 - Level 6.0 Stealth


You had 6 spell levels left.
You didn't know any spells.
Your spell library was empty.

Dungeon Overview and Level Annotations

Branches:
Dungeon (7/15)             Bailey (1/1)
 Temple: D:4-7

Altars:


Innate Abilities, Weirdness & Mutations

You are resistant to damage.
You can heal yourself by infusing magical energy.
You passively map a small area around you.
You do not regenerate.


Message History

The boomerang hits you but does no damage.
The weapon returns to the kobold!
The kobold throws a boomerang.
The boomerang hits you but does no damage.
The weapon returns to the kobold!
The kobold throws a boomerang.
The boomerang hits you but does no damage.
The weapon returns to the kobold!
The kobold throws a boomerang.
The boomerang barely misses you.
The weapon returns to the kobold!
The kobold throws a boomerang.
The boomerang hits you but does no damage.
The weapon returns to the kobold!
The kobold throws a boomerang.
The boomerang hits you but does no damage.
The weapon returns to the kobold!
The kobold throws a boomerang.
The boomerang hits you.
The weapon returns to the kobold!
The kobold throws a boomerang.
The boomerang hits you but does no damage.
The weapon returns to the kobold!
The kobold throws a boomerang.
The boomerang hits you but does no damage.
The weapon returns to the kobold!
The kobold hits you but does no damage.
The kobold throws a boomerang.
The boomerang hits you.
The weapon returns to the kobold!
The kobold throws a boomerang.
The boomerang hits you but does no damage.
The weapon returns to the kobold!
The kobold throws a boomerang.
The boomerang hits you but does no damage.
The weapon returns to the kobold!
The kobold throws a boomerang.
The boomerang barely misses you.
The weapon returns to the kobold!
The kobold throws a boomerang.
The boomerang hits you but does no damage.
The weapon returns to the kobold!
There is an open door here.
The kobold throws a boomerang.
The boomerang hits you but does no damage.
The weapon returns to the kobold!
The kobold throws a boomerang.
The boomerang hits you but does no damage.
The weapon returns to the kobold!
There is an open door here.
The kobold throws a boomerang.
The boomerang hits you but does no damage.
The weapon returns to the kobold!
The kobold throws a boomerang.
The boomerang hits you but does no damage.
The weapon returns to the kobold!
The kobold throws a boomerang.
The boomerang hits you but does no damage.
The weapon returns to the kobold!
There is an open door here.
The kobold throws a boomerang.
The boomerang hits you but does no damage.
The weapon returns to the kobold!
The kobold throws a boomerang.
The boomerang hits you.
The weapon returns to the kobold!
There is an open door here.
Really fly into that permanent teleport trap?
You enter a permanent teleport trap!
Your surroundings suddenly seem different.
The kobold throws a boomerang.
The boomerang hits you.
The weapon returns to the kobold!
The kobold throws a boomerang.
The boomerang hits you but does no damage.
The weapon returns to the kobold!
The orc knight shouts!
The kobold throws a boomerang.
The boomerang hits you but does no damage.
The weapon returns to the kobold!
The kobold throws a boomerang.
The boomerang hits you but does no damage.
The weapon returns to the kobold!
The kobold throws a boomerang.
The boomerang hits you but does no damage.
The weapon returns to the kobold!
The kobold shouts!
The kobold throws a boomerang.
The boomerang hits you but does no damage.
The weapon returns to the kobold!
The kobold throws a boomerang.
The boomerang barely misses you.
The kobold throws a boomerang.
The boomerang hits you but does no damage.
The weapon returns to the kobold!
There is an open door, spattered with blood here.
Things that are here:
a +0 war axe; a +0 leather armour; a goblin corpse The kobold throws a boomerang.
The boomerang hits you but does no damage.
The weapon returns to the kobold!
Items here: )) [[ †.
The kobold throws a boomerang.
The boomerang hits you but does no damage.
The weapon returns to the kobold!
The kobold throws a boomerang.
The boomerang hits you but does no damage.
The weapon returns to the kobold!
You reach down and open the door. 4 goblins and 4 orc warriors come into view.
The orc warrior shouts!
The goblin shouts!
The orc warrior shouts! x2
The goblin shouts! x2; You hear a shout!
A hobgoblin comes into view. It is wielding a +0 hand axe.
The orc knight roars a battlecry!
The orc warriors go into a battle-frenzy!
The orc warrior moves out of view.
You hear a shout!
A goblin and a gnoll come into view.
The gnoll shouts!
The goblin shouts!
The orc warrior hits you with a +0 broad axe!!
The orc warrior hits you with a +0 war axe!!
You die...

#'###≈.≈###+#
#....≈.≈K...#
#'###≈.≈###+#
#....≈.≈K...#
######o######
#.))# #..(#
#...# ##@##
*, #o.o# ,
,gg.8gg.,
[..#.og#..)
######.######


gg. ... .). * You could see an orc knight, 3 orc warriors, a gnoll, a hobgoblin
and 5 goblins.

Vanquished Creatures
  A killer bee (D:7)
  2 orc wizards (D:7)
  2 worker ants (D:6)
  An adder (D:7)
  2 orcs (D:7)
  A quokka zombie (D:7)
9 creatures vanquished.

Vanquished Creatures (collateral kills)
  A deep elf mage (D:7)
  2 killer bees (D:7)
  An orc (D:7)
  2 goblins (Bailey)
6 creatures vanquished.

Vanquished Creatures (others)
  An orc wizard (D:7)
  An orc (Bailey)
2 creatures vanquished.

Grand Total: 17 creatures vanquished

Notes
Turn   | Place    | Note
-------+----------+-------------------------------------------
     0 | D:5      | EnegeticOcto the Deep Dwarf Delver began the quest for the
                  | Orb.
     0 | D:5      | Reached XP level 1. HP: 20/20 MP: 1/1
    21 | D:6      | Noticed a worker ant
    32 | D:6      | Killed a worker ant
    32 | D:6      | Reached skill level 3 in Axes
    32 | D:6      | Reached XP level 2. HP: 24/27 MP: 2/2
    67 | D:6      | Reached skill level 4 in Axes
    67 | D:6      | Reached XP level 3. HP: 27/33 MP: 2/2
    95 | D:7      | Reached XP level 4. HP: 29/40 MP: 3/3
   120 | D:7      | Reached skill level 5 in Axes
   169 | D:7      | Noticed a deep elf mage
   199 | D:7      | Killed a deep elf mage
   199 | D:7      | Reached skill level 7 in Axes
   199 | D:7      | Reached XP level 5. HP: 24/46 MP: 4/4
   199 | D:7      | Reached XP level 6. HP: 29/55 MP: 5/5
   245 | D:7      | Killed a killer bee
   245 | D:7      | Reached skill level 8 in Axes
   245 | D:7      | Reached XP level 7. HP: 48/61 MP: 3/3
   422 | D:7      | Found a flagged portal.
   429 | Bailey   | Entered a bailey
   449 | Bailey   | Noticed an orc knight
   485 | Bailey   | Mangled by an orc warrior

Illustrated notes

Levels and vault maps discovered:
D:5:      layout_loops_ring, minmay_temple_entry_junction
D:6:      layout_loops_ring, chei_slow_surprise, uniq_sigmund
D:7:      layout_loops_ring, nicolae_overflow_hidden_temple, enter_bailey_2,
          nzn_random_ring
Bailey:   bailey_axe_1, bailey

Skill      XL: |  1  2  3  4  5  6 |
---------------+-------------------+-----
Axes           | 3 4 7 8 |  8.8
Fighting       | |  2.6
Dodging        | |  2.1
Stealth        | |  6.0

Action                   |  1- 3 |  4- 6 |  7- 9 || total
-------------------------+-------+-------+-------++-------
Melee: Hand axe          |    32 |    50 |    24 ||   106
Throw: Dart              |       |     3 |     1 ||     4
 Abil: Heal Wounds       |     1 |    16 |     5 ||    22
  Use: Scroll            |     1 |       |       ||     1
       Potion            |       |       |     2 ||     2
 Stab: Sleeping          |     2 |       |     1 ||     3
Armor: Leather armour    |     6 |     6 |       ||    12
       Ring mail         |       |    16 |       ||    16
       Plate armour      |       |       |   119 ||   119
       Scale mail        |       |       |     8 ||     8
Dodge: Dodged            |    14 |    42 |    52 ||   108

Table legend: (Time is in decaauts)
 A = Elapsed time spent in this place.
 B = Non-inter-level travel time spent in this place.
 C = Inter-level travel time spent in this place.
 D = Time resting spent in this place.
 E = Time spent auto-exploring this place.
 F = Levels seen in this place.
 G = Mean time per level.
                   A        B        C        D        E       F      G
               +--------+--------+--------+--------+--------+-----+--------+
         Total |    483 |    482 |      1 |      0 |      0 |   4 |  120.8 |
       Dungeon |    428 |    427 |      1 |      0 |      0 |   3 |  142.7 |
        Bailey |     55 |     55 |      0 |      0 |      0 |   1 |   55.0 |
               +--------+--------+--------+--------+--------+-----+--------+

Top non-repeatable levels by time:
     D:7: 347 daAuts
     D:6: 60 daAuts
  Bailey: 55 daAuts
     D:5: 20 daAuts
